MLB
DETROIT TIGERS @ CHICAGO CUBS
10/30/2023
 
TOP OF THE 1ST
Detroit Tigers batting - Pitching for Chicago Cubs : RHP Tyler Glasnow
Pitching: RHP Tyler Glasnow
Batting: RHB Randy Arozarena 0-0: Called Strike
0-1: Foul Ball, location: 2F
0-2: Ball
1-2: Strikes out looking
Batting: RHB Fernando Tatis Jr. 0-0: Swinging Strike
0-1: Swinging Strike
0-2: Ball
1-2: Ball
2-2: Ball
3-2: Foul Ball, location: 3SF
3-2: Base on Balls
Batting: RHB Teoscar Hernández 0-0: Ball
1-0: Foul Ball, location: 25FF
1-1: Ball
2-1: SINGLE (Line Drive, 8LS, EV 91.9 MPH)
Fernando Tatis Jr. to second
Runner from 2nd tries for 3rd, SAFE, throw by CF made to third
Batting: SHB Jose Ramirez 0-0: Foul Ball, location: 7LMF
0-1: Ball
1-1: Called Strike
1-2: Ball
2-2: Ball
3-2: SINGLE (Line Drive, 4MD, EV 108.1 MPH)
Fernando Tatis Jr. scores
Teoscar Hernández to second
Batting: RHB Alejandro Kirk 0-0: Ball
1-0: Foul Ball, location: 7LSF
1-1: Ball
2-1: Foul Ball, location: 7LSF
2-2: Ball
3-2: Base on Balls
Teoscar Hernández to third
Jose Ramirez to second
Batting: RHB Miguel Vargas 0-0: Ball
1-0: Ball
2-0: Called Strike
2-1: Foul Ball, location: 3F
2-2: Ball
3-2: Grounds into double play, 5-4-3 (Groundball, 56, EV 91.9 MPH)
Top of the 1st over - 1 run, 2 hits, 0 errors, 2 left on base; Detroit 1 - Chicago 0
BOTTOM OF THE 1ST
Chicago Cubs batting - Pitching for Detroit Tigers : RHP Cristian Javier
Pitching: RHP Cristian Javier
Batting: RHB Yandy Díaz 0-0: Foul Ball, location: 5DF
0-1: Ball
1-1: Called Strike
1-2: Ball
2-2: Ball
3-2: Base on Balls
Batting: SHB Wander Franco 0-0: Called Strike
0-1: Ball
1-1: Called Strike
1-2: Strikes out swinging
Batting: LHB Shohei Ohtani 0-0: Called Strike
0-1: Ball
1-1: Ball
2-1: Called Strike
2-2: Strikes out swinging
Batting: RHB Julio Rodriguez 0-0: Ball
1-0: Ball
2-0: Called Strike
2-1: Called Strike
2-2: Foul Ball, location: 9LSF
2-2: Strikes out looking
Bottom of the 1st over - 0 runs, 0 hits, 0 errors, 1 left on base; Detroit 1 - Chicago 0
TOP OF THE 2ND
Detroit Tigers batting - Pitching for Chicago Cubs : RHP Tyler Glasnow
Batting: LHB Omar Narvaez 0-0: Ball
1-0: Ball
2-0: Foul Ball, location: 2F
2-1: Ball
3-1: Called Strike
3-2: Ground out 5-3 (Groundball, 56, EV 82.5 MPH)
Batting: RHB Bubba Thompson 0-0: Called Strike
0-1: Swinging Strike
0-2: Ball
1-2: Strikes out swinging
Batting: RHB Miguel Rojas 0-0: Ball
1-0: Called Strike
1-1: Ball
2-1: Swinging Strike
2-2: Foul Ball, location: 2F
2-2: Fly out, F6 (Line Drive, 56D, EV 69.4 MPH)
Top of the 2nd over - 0 runs, 0 hits, 0 errors, 0 left on base; Detroit 1 - Chicago 0
BOTTOM OF THE 2ND
Chicago Cubs batting - Pitching for Detroit Tigers : RHP Cristian Javier
Batting: RHB Gleyber Torres 0-0: Ball
1-0: Called Strike
1-1: Called Strike
1-2: Strikes out swinging
Batting: RHB Dansby Swanson 0-0: Ball
1-0: Swinging Strike
1-1: Called Strike
1-2: Ball
2-2: Ball
3-2: Ground out 4-3 (Groundball, 4MD, EV 95.6 MPH)
Batting: LHB Josh Naylor 0-0: Ball
1-0: DOUBLE (Groundball, 3L, EV 103.8 MPH)
Batting: RHB Ramon Laureano 0-0: Foul Ball, location: 7LMF
0-1: Ball
1-1: Ball
2-1: Ground out 5-3 (Groundball, 56, EV 95.6 MPH)
Bottom of the 2nd over - 0 runs, 1 hit, 0 errors, 1 left on base; Detroit 1 - Chicago 0
TOP OF THE 3RD
Detroit Tigers batting - Pitching for Chicago Cubs : RHP Tyler Glasnow
Batting: RHB Randy Arozarena 0-0: Called Strike
0-1: Foul Ball, location: 7LMF
0-2: Fly out, F8 (Line Drive, 8RXD, EV 101.9 MPH)
Batting: RHB Fernando Tatis Jr. 0-0: Fly out, F7 (Line Drive, 7LM, EV 99.4 MPH)
Batting: RHB Teoscar Hernández 0-0: Foul Ball, location: 3FF
0-1: Swinging Strike
0-2: Ball
1-2: Strikes out swinging
Top of the 3rd over - 0 runs, 0 hits, 0 errors, 0 left on base; Detroit 1 - Chicago 0
BOTTOM OF THE 3RD
Chicago Cubs batting - Pitching for Detroit Tigers : RHP Cristian Javier
Batting: RHB Brian Serven 0-0: Called Strike
0-1: Called Strike
0-2: Foul Ball, location: 5SF
0-2: Ball
1-2: Foul Ball, location: 2F
1-2: Ball
2-2: Ball
3-2: Foul Ball, location: 2F
3-2: Base on Balls
Batting: RHB Yandy Díaz 0-0: Called Strike
0-1: Foul Ball, location: 5F
0-2: Strikes out swinging
Batting: SHB Wander Franco 0-0: SINGLE (Line Drive, 7S, EV 91.9 MPH)
Brian Serven to second
Batting: LHB Shohei Ohtani 0-0: Ball
1-0: Swinging Strike
1-1: Ball
2-1: Foul Ball, location: 2F
2-2: Foul Ball, location: 7LMF
2-2: Ball
3-2: Strikes out swinging
Batting: RHB Julio Rodriguez 0-0: Foul Ball, location: 9LMF
0-1: Ball
1-1: 3-RUN HOME RUN (Flyball, 7LD, EV 102.5 MPH), Distance : 382 ft
Batting: RHB Gleyber Torres 0-0: Foul Ball, location: 3DF
0-1: Called Strike
0-2: Ball
1-2: Strikes out looking
Bottom of the 3rd over - 3 runs, 2 hits, 0 errors, 0 left on base; Detroit 1 - Chicago 3
TOP OF THE 4TH
Detroit Tigers batting - Pitching for Chicago Cubs : RHP Tyler Glasnow
Batting: SHB Jose Ramirez 0-0: Ground out 4-3 (Groundball, 34, EV 93.1 MPH)
Batting: RHB Alejandro Kirk 0-0: Called Strike
0-1: Foul Ball, location: 2LF
0-2: Strikes out swinging
Batting: RHB Miguel Vargas 0-0: Ball
1-0: Called Strike
1-1: Called Strike
1-2: Strikes out swinging
Top of the 4th over - 0 runs, 0 hits, 0 errors, 0 left on base; Detroit 1 - Chicago 3
BOTTOM OF THE 4TH
Chicago Cubs batting - Pitching for Detroit Tigers : RHP Cristian Javier
Batting: RHB Dansby Swanson 0-0: Ground out 4-3 (Groundball, 6, EV 85.6 MPH)
Batting: LHB Josh Naylor 0-0: Ball
1-0: Called Strike
1-1: Ball
2-1: Fly out, F7 (Flyball, 7LS, EV 85.6 MPH)
Batting: RHB Ramon Laureano 0-0: Foul Ball, location: 7LDF
0-1: Swinging Strike
0-2: Ball
1-2: Fly out, F8 (Flyball, 8LXD, EV 98.8 MPH)
Bottom of the 4th over - 0 runs, 0 hits, 0 errors, 0 left on base; Detroit 1 - Chicago 3
TOP OF THE 5TH
Detroit Tigers batting - Pitching for Chicago Cubs : RHP Tyler Glasnow
Batting: LHB Omar Narvaez 0-0: Foul Ball, location: 25F
0-1: Foul Ball, location: 3F
0-2: Strikes out looking
Batting: RHB Bubba Thompson 0-0: Ball
1-0: Called Strike
1-1: Swinging Strike
1-2: Foul Ball, location: 2F
1-2: Ball
2-2: Foul Ball, location: 7LSF
2-2: Ball
3-2: Foul Ball, location: 2F
3-2: Foul Ball, location: 2F
3-2: Strikes out looking
Batting: RHB Miguel Rojas 0-0: Called Strike
0-1: Swinging Strike
0-2: Foul Ball, location: 9LSF
0-2: Ball
1-2: Foul Ball, location: 2F
1-2: Ball
2-2: SINGLE (Groundball, 3D, EV 106.9 MPH)
Pitching: RHP Chris Martin
Batting: RHB Randy Arozarena 0-0: Foul Ball, location: 2F
0-1: Ball
1-1: 2-RUN HOME RUN (Flyball, 9D, EV 96.3 MPH), Distance : 396 ft
Batting: RHB Fernando Tatis Jr. 0-0: Ball
1-0: Called Strike
1-1: Ball
2-1: Called Strike
2-2: Strikes out swinging
Top of the 5th over - 2 runs, 2 hits, 0 errors, 0 left on base; Detroit 3 - Chicago 3
BOTTOM OF THE 5TH
Chicago Cubs batting - Pitching for Detroit Tigers : RHP Cristian Javier
Batting: RHB Brian Serven 0-0: Ball
1-0: Ball
2-0: Ball
3-0: Called Strike
3-1: Base on Balls
Batting: RHB Yandy Díaz 0-0: Foul Ball, location: 7LDF
0-1: Ball
1-1: Ball
2-1: Fly out, F9 (Line Drive, 9LM, EV 93.1 MPH)
Batting: SHB Wander Franco 0-0: Called Strike
0-1: Called Strike
0-2: Ball
1-2: Ball
2-2: Ball
3-2: Base on Balls
Brian Serven to second
Pitching: RHP David Robertson
Batting: LHB Shohei Ohtani 0-0: Called Strike
0-1: Grounds into double play, 4-6-3 (Groundball, 4, EV 107.5 MPH)
Bottom of the 5th over - 0 runs, 0 hits, 0 errors, 1 left on base; Detroit 3 - Chicago 3
TOP OF THE 6TH
Detroit Tigers batting - Pitching for Chicago Cubs : RHP Chris Martin
Batting: RHB Teoscar Hernández 0-0: Foul Ball, location: 2F
0-1: Ground out 1-3 (Groundball, 13S, EV 73.1 MPH)
Batting: SHB Jose Ramirez 0-0: Called Strike
0-1: Foul Ball, location: 9LDF
0-2: Strikes out looking
Batting: RHB Alejandro Kirk 0-0: Ball
1-0: Foul Ball, location: 5DF
1-1: Foul Ball, location: 2RF
1-2: Ball
2-2: Ball
3-2: Strikes out swinging
Top of the 6th over - 0 runs, 0 hits, 0 errors, 0 left on base; Detroit 3 - Chicago 3
BOTTOM OF THE 6TH
Chicago Cubs batting - Pitching for Detroit Tigers : RHP David Robertson
Batting: RHB Julio Rodriguez 0-0: Ball
1-0: Ground out 4-3 (Groundball, 4, EV 88.1 MPH)
Batting: RHB Gleyber Torres 0-0: Ball
1-0: Called Strike
1-1: Swinging Strike
1-2: Ground out 6-3 (Groundball, 6S, EV 80.0 MPH)
Batting: RHB Dansby Swanson 0-0: Ball
1-0: Ball
2-0: Called Strike
2-1: Swinging Strike
2-2: Foul Ball, location: 9LMF
2-2: Strikes out swinging
Bottom of the 6th over - 0 runs, 0 hits, 0 errors, 0 left on base; Detroit 3 - Chicago 3
TOP OF THE 7TH
Detroit Tigers batting - Pitching for Chicago Cubs : RHP Chris Martin
Pitching: LHP A.J. Minter
Batting: RHB Miguel Vargas 0-0: Ball
1-0: Swinging Strike
1-1: Foul Ball, location: 3F
1-2: Foul Ball, location: 5FF
1-2: Ball
2-2: Ball
3-2: Ground out 1-3 (Groundball, 34S, EV 69.4 MPH)
Batting: LHB Omar Narvaez 0-0: Ground out 6-3 (Groundball, 6MD, EV 103.1 MPH)
Batting: RHB Bubba Thompson 0-0: Called Strike
0-1: Ball
1-1: Ball
2-1: Foul Ball, location: 2F
2-2: Foul Ball, location: 2F
2-2: TRIPLE (Flyball, 8LXD, EV 90.6 MPH)
Batting: RHB Miguel Rojas 0-0: Called Strike
0-1: Ball
1-1: Ball
2-1: Swinging Strike
2-2: Ball
3-2: Base on Balls
Pitching: RHP Matt Bush
Batting: RHB Randy Arozarena 0-0: Called Strike
0-1: Foul Ball, location: 5F
0-2: Ball
1-2: Foul Ball, location: 23F
1-2: Strikes out swinging
Top of the 7th over - 0 runs, 1 hit, 0 errors, 2 left on base; Detroit 3 - Chicago 3
BOTTOM OF THE 7TH
Chicago Cubs batting - Pitching for Detroit Tigers : RHP David Robertson
Pitching: LHP Joe Mantiply
Batting: LHB Josh Naylor 0-0: Called Strike
0-1: Ball
1-1: Ball
2-1: Swinging Strike
2-2: Foul Ball, location: 2F
2-2: Ground out 4-3 (Groundball, 4, EV 82.5 MPH)
Batting: RHB Ramon Laureano 0-0: Fly out, F8 (Line Drive, 8RD, EV 104.4 MPH)
Batting: RHB Brian Serven 0-0: Foul Ball, location: 25F
0-1: Foul Ball, location: 2F
0-2: Foul Ball, location: 2F
0-2: Fly out, F8 (Flyball, 8LD, EV 106.3 MPH)
Bottom of the 7th over - 0 runs, 0 hits, 0 errors, 0 left on base; Detroit 3 - Chicago 3
TOP OF THE 8TH
Detroit Tigers batting - Pitching for Chicago Cubs : RHP Matt Bush
Batting: RHB Fernando Tatis Jr. 0-0: Called Strike
0-1: Ball
1-1: Swinging Strike
1-2: Ball
2-2: Ball
3-2: Foul Ball, location: 9LDF
3-2: Base on Balls
Pinch Hitting: LHB Daniel Vogelbach 0-0: Ball
1-0: Foul Ball, location: 2F
1-1: Ball
2-1: Swinging Strike
2-2: Foul Ball, location: 7LDF
2-2: Strikes out looking
Batting: SHB Jose Ramirez 0-0: Ball
Fernando Tatis Jr. steals 2nd base
1-0: Intentional Walk
Batting: RHB Alejandro Kirk 0-0: Ball
1-0: Called Strike
1-1: Grounds into double play, 5-4-3 (Groundball, 56S, EV 84.4 MPH)
Top of the 8th over - 0 runs, 0 hits, 0 errors, 1 left on base; Detroit 3 - Chicago 3
BOTTOM OF THE 8TH
Chicago Cubs batting - Pitching for Detroit Tigers : LHP Joe Mantiply
Pitching: RHP Giovanny Gallegos
Now in LF: Orlando Arcia
Now in RF: Randy Arozarena
Batting: RHB Yandy Díaz 0-0: Foul Ball, location: 23F
0-1: Swinging Strike
0-2: Ball
1-2: Ball
2-2: Strikes out swinging
Batting: SHB Wander Franco 0-0: Ball
1-0: Called Strike
1-1: Ball
2-1: Ground out 4-3 (Groundball, 4, EV 101.3 MPH)
Batting: LHB Shohei Ohtani 0-0: Called Strike
0-1: Ball
1-1: Ground out U3 (Groundball, 3, EV 103.1 MPH)
Bottom of the 8th over - 0 runs, 0 hits, 0 errors, 0 left on base; Detroit 3 - Chicago 3
TOP OF THE 9TH
Detroit Tigers batting - Pitching for Chicago Cubs : RHP Matt Bush
Pitching: RHP Andres Munoz
Batting: RHB Miguel Vargas 0-0: Foul Ball, location: 25FF
0-1: Swinging Strike
0-2: Strikes out looking
Batting: LHB Omar Narvaez 0-0: Called Strike
0-1: Called Strike
0-2: Strikes out looking
Batting: RHB Bubba Thompson 0-0: Ground out 6-3 (Groundball, 6, EV 95.6 MPH)
Top of the 9th over - 0 runs, 0 hits, 0 errors, 0 left on base; Detroit 3 - Chicago 3
BOTTOM OF THE 9TH
Chicago Cubs batting - Pitching for Detroit Tigers : RHP Giovanny Gallegos
Pitching: RHP Scott Effross
Batting: RHB Julio Rodriguez 0-0: Called Strike
0-1: Ball
1-1: Called Strike
1-2: Foul Ball, location: 9LSF
1-2: Strikes out looking
Batting: RHB Gleyber Torres 0-0: Foul Ball, location: 9LDF
0-1: Ball
1-1: Ball
2-1: Ball
3-1: Swinging Strike
3-2: Strikes out swinging
Batting: RHB Dansby Swanson 0-0: Called Strike
0-1: Ball
1-1: Fly out, F8 (Flyball, 8LS, EV 96.9 MPH)
Bottom of the 9th over - 0 runs, 0 hits, 0 errors, 0 left on base; Detroit 3 - Chicago 3
TOP OF THE 10TH
Detroit Tigers batting - Pitching for Chicago Cubs : RHP Andres Munoz
Batting: RHB Miguel Rojas 0-0: Called Strike
0-1: Ball
1-1: Foul Ball, location: 25FF
1-2: Strikes out swinging
Batting: RHB Randy Arozarena 0-0: Ball
1-0: Foul Ball, location: 9LSF
1-1: Foul Ball, location: 5FF
1-2: Strikes out swinging
Batting: RHB Fernando Tatis Jr. 0-0: Ball
1-0: SOLO HOME RUN (Flyball, 78XD, EV 111.3 MPH), Distance : 419 ft
Batting: RHB Orlando Arcia 0-0: Swinging Strike
0-1: Foul Ball, location: 3F
0-2: Ball
1-2: Strikes out swinging
Top of the 10th over - 1 run, 1 hit, 0 errors, 0 left on base; Detroit 4 - Chicago 3
BOTTOM OF THE 10TH
Chicago Cubs batting - Pitching for Detroit Tigers : RHP Scott Effross
Batting: LHB Josh Naylor 0-0: Ball
1-0: Ball
2-0: Foul Ball, location: 2F
2-1: Foul Ball, location: 3F
2-2: Ground out 5-3 (Groundball, 6, EV 87.5 MPH)
Pinch Hitting: RHB Ty France 0-0: Called Strike
0-1: Foul Ball, location: 2F
0-2: Hit by Pitch
Batting: RHB Brian Serven 0-0: Ball
1-0: Ball
2-0: Ball
3-0: Base on Balls
Ty France to second
Pitching: RHP Jonathan Loáisiga
Pinch Runner at 2nd Dylan Moore:
Batting: RHB Yandy Díaz 0-0: Called Strike
0-1: Ball
1-1: Foul Ball, location: 9LDF
1-2: Foul Ball, location: 9LDF
1-2: Ball
2-2: Ball
3-2: Fly out, F3 (Popup, 3, EV 74.4 MPH)
Batting: SHB Wander Franco 0-0: Called Strike
0-1: Ball
1-1: Foul Ball, location: 2F
1-2: Ball
2-2: Strikes out swinging
Bottom of the 10th over - 0 runs, 0 hits, 0 errors, 2 left on base; Detroit 4 - Chicago 3
Monday, October 30th , 2023 - OOTP Baseball 24.10 Build 82